 Dungeon Crawl Stone Soup version 0.30-a0-395-gfe72c296f8 (webtiles) character file.

Game seed: 14654256517787143698

1763 Ijustatesigmund the Thaumaturge (level 8, -1/45 HPs)
             Began as a Deep Elf Fire Elementalist on Dec 7, 2022.
             Slain by an orc warrior
             ... wielding a +0 dire flail
              (11 damage)
             ... on level 6 of the Dungeon.
             The game lasted 00:12:32 (6311 turns).

Ijustatesigmund the Thaumaturge (DEFE)              Turns: 6311, Time: 00:12:32

Health: -1/45      AC: 10    Str:  9    XL:     8   Next: 79%
Magic:  9/22       EV: 11    Int: 23    God:
Gold:   243        SH:  5    Dex: 15    Spells: 17/24 levels left

rFire   . . .      SeeInvis .    l - +5 war axe of Disembowelment {pain, rElec rPois Str+4}
rCold   . . .      Faith    .    (no shield)
rNeg    + . .      Spirit   .    a - +0 acid dragon scales
rPois   +          Reflect  +    (no helmet)
rElec   +          Harm     .    (no cloak)
rCorr   +          Rampage  .    (no gloves)
Will    .....                    (no boots)
Stlth   ++........               d - amulet of reflection
HPRegen 0.27/turn                n - ring of the Clean Lime {+Blink AC+4}
MPRegen 0.18/turn                t - ring of positive energy

@: no status effects
A: no striking features
a: Evoke Blink


You were on level 6 of the Dungeon.
You visited 1 branch of the dungeon, and saw 6 of its levels.

You collected 243 gold pieces.

Inventory:

Hand Weapons
 c - a +2 vampiric dagger
 l - the +5 war axe of Disembowelment (weapon) {pain, rElec rPois Str+4}
   (You found it on level 3 of the Dungeon)

   In the hands of one skilled in necromantic magic, it inflicts extra damage on
   living creatures.
   Str:       It affects your strength (+4).
   rElec:     It insulates you from electricity.
   rPois:     It protects you from poison.
 p - a +4 dagger
Armour
 a - +0 acid dragon scales (worn)
 r - an orb of energy
Jewellery
 d - an amulet of reflection (around neck)
 n - the ring of the Clean Lime (left hand) {+Blink AC+4}
   (You found it on level 3 of the Dungeon)

   [ring of protection]

   AC:        It affects your AC (+4).
   +Blink:    It lets you blink.
 t - a ring of positive energy (right hand)
Scrolls
 e - 3 scrolls of identify
 h - a scroll of enchant armour
 i - 2 scrolls of teleportation
 k - a scroll of immolation
 o - a scroll of poison {unknown}
Potions
 b - a potion of magic
 f - 5 potions of curing
 g - a potion of heal wounds
 j - 2 potions of might
 m - a potion of cancellation
 q - a potion of ambrosia
 s - 2 potions of mutation


   Skills:
 - Level 2.3 Fighting
 + Level 2.1 Armour
 - Level 2.4 Dodging
 - Level 2.4 Stealth
 + Level 8.8 Spellcasting
 + Level 6.9 Conjurations
 - Level 4.3 Fire Magic
 + Level 4.9 Evocations


You had 17 spell levels left.
You knew the following spells:

 Your Spells              Type           Power      Damage    Failure   Level
a - Foxfire               Conj/Fire      100%       2x1d9     1%          1
b - Scorch                Fire           60%        2d8       2%          2
c - Flame Wave            Conj/Fire      36%        2d10      11%         4

Your spell library contained the following spells:

 Spells                   Type           Power      Damage    Failure   Level
 Inner Flame              Hex/Fire       20%        N/A       13%         3
 Kindle Blastsparks       Fire/Tloc/Air  32%        2d12      17%         3


Dungeon Overview and Level Annotations

Branches:
Dungeon (6/15)
 Temple: D:4-7

Altars:
Ru

Shops:
D:4 [


Message History

The orc wizard is moderately wounded.
The orc wizard's fire resistance burns away.
The orc warrior hits you with a +0 dire flail.
The orc wizard barely misses you. The orc warrior closely misses you.
You blink.
The orc warrior hits you with a +0 dire flail!
Casting: Scorch (safe; 2% risk of failure)
Confirm with . or Enter, or press ? or * to list all spells.
Flames lash the orc wizard.
The orc wizard is burned terribly!
You kill the orc wizard!
The orc warrior is no longer more vulnerable to fire.
The orc warrior closely misses you.
The orc warrior hits you with a +0 dire flail.
Casting: Scorch (safe; 2% risk of failure)
Confirm with . or Enter, or press ? or * to list all spells.
Flames lash the orc warrior but do no damage.
The orc warrior hits you with a +0 dire flail.
You feel stable enough to blink again. The orc warrior barely misses you.
Casting: Scorch (safe; 2% risk of failure)
Confirm with . or Enter, or press ? or * to list all spells.
Flames lash the orc.
You kill the orc!
The orc warrior barely misses you.
The orc warrior hits you but does no damage.
Casting: Scorch (safe; 2% risk of failure)
Confirm with . or Enter, or press ? or * to list all spells.
Flames lash the orc warrior.
The orc warrior is severely wounded.
The orc warrior's fire resistance burns away.
The orc warrior hits you with a +0 dire flail!
The orc warrior hits you with a +0 dire flail!
* * * LOW HITPOINT WARNING * * *
Casting: Scorch (safe; 2% risk of failure)
Confirm with . or Enter, or press ? or * to list all spells.
Flames lash the orc warrior.
The orc warrior is burned terribly!
The orc warrior is almost dead.
The orc warrior closely misses you.
The orc warrior hits you with a +0 dire flail!
You die...

..#########.#....##.#
.............>#..##.#
.########.#.#.#..##.#
..........#.#.# .##)#
########..#.#.#####.#
#..#.#.......#
#....#.#######
#.####.######
#........@o)#
######.####.# #.# #.#
#.# #.#.######.## #.#
#.#.........# #o#
#.#####..##.# #.# #
#.# #.###.# #.# # #.#
###.# #.# #)# #
#.###...# #.# #.#


You could see an orc warrior (combustible).

Vanquished Creatures
  An acid dragon (D:5)
  An ice beast (D:5)
  A sky beast (D:6)
  A black bear (D:4)
  An ogre (D:5)
  A phantom (D:6)
  A kobold brigand (D:6)
  3 necrophages
  3 scorpions
  4 wights
  An orc priest (D:5)
  4 hounds
  6 iguanas
  2 orc wizards
  8 adders
  A shadow imp (D:6)
  2 white imps (D:5)
  4 ufetubi
  3 dart slugs
  3 worms
  18 orcs
  8 endoplasms
  2 giant cockroaches
  7 goblins
  7 hobgoblins
  20 kobolds
  2 quokkas
  6 ball pythons
  3 bats
  A frilled lizard (D:3)
  5 rats
130 creatures vanquished.

Vanquished Creatures (others)
  241 foxfires
  4 plants (D:5)
245 creatures vanquished.

Grand Total: 375 creatures vanquished

Notes
Turn   | Place    | Note
-------+----------+-------------------------------------------
     0 | D:1      | Ijustatesigmund the Deep Elf Fire Elementalist began the
                  | quest for the Orb.
     0 | D:1      | Reached XP level 1. HP: 10/10 MP: 6/6
   413 | D:1      | Reached XP level 2. HP: 15/15 MP: 5/8
   593 | D:1      | Learned a level 2 spell: Scorch
   859 | D:1      | Reached XP level 3. HP: 19/19 MP: 8/10
  1368 | D:2      | Reached skill level 4 in Spellcasting
  1784 | D:3      | Found a sacrificial altar of Ru.
  1798 | D:3      | Reached XP level 4. HP: 23/24 MP: 2/12
  2315 | D:3      | Identified the +5 war axe of Disembowelment {pain, rElec
                  | rPois Str+4}
  2583 | D:3      | Identified the ring of the Clean Lime {+Blink AC+4}
  2852 | D:4      | Reached XP level 5. HP: 28/28 MP: 9/14
  2894 | D:4      | Learned a level 4 spell: Flame Wave
  2932 | D:4      | Reached skill level 5 in Spellcasting
  2979 | D:4      | Reached skill level 1 in Fighting
  3055 | D:4      | Reached XP level 6. HP: 34/34 MP: 11/16
  3636 | D:4      | Reached skill level 6 in Spellcasting
  4144 | D:4      | Found Nawk's Armour Emporium.
  4289 | D:5      | Entered Level 5 of the Dungeon
  4297 | D:5      | Reached XP level 7. HP: 39/40 MP: 11/18
  4397 | D:5      | Reached skill level 1 in Evocations
  4585 | D:5      | Reached skill level 5 in Conjurations
  4594 | D:5      | Reached skill level 7 in Spellcasting
  4816 | D:5      | Reached XP level 8. HP: 27/45 MP: 8/21
  4925 | D:5      | Identified the +7 hand axe of Yesterday {protect, *Rage rF-
                  | rN+ Dex+7 SInv}
  5298 | D:6      | Reached skill level 8 in Spellcasting
  5455 | D:6      | Reached skill level 1 in Armour
  6311 | D:6      | Slain by an orc warrior

Illustrated notes

Levels and vault maps discovered:
D:1:      beargit_arrival_greenhouse, layout_basic, serial_forest,
          infiniplex_forest_lined_room_, infiniplex_forest_lined_3,
          infiniplex_forest_lined_corner, infiniplex_forest_clump_long,
          infiniplex_forest_lined_3_way, infiniplex_forest_lined_ring,
          minmay_tromino_v4_b
D:2:      layout_rooms
D:3:      layout_rooms, mainiacjoe_overflow_paths
D:4:      layout_loops_corners, serial_shops, shop
D:5:      layout_gridville, minmay_crystal_room, supply_closet_lemuel,
          serial_bayou_ford_a
D:6:      layout_basic, minmay_temple_entry_nine_rooms

Skill      XL: |  1  2  3  4  5  6  7  8 |
---------------+-------------------------+-----
Conjurations   | 2 3 4 5 6 |  6.9
Spellcasting   | 4 5 6 7 8 |  8.8
Fire Magic     | 4 |  4.3
Fighting       | 1 2 |  2.3
Evocations     | 3 4 |  4.9
Armour         | 2 |  2.1
Dodging        | |  2.4
Stealth        | |  2.4

Action                   |  1- 3 |  4- 6 |  7- 9 || total
-------------------------+-------+-------+-------++-------
 Cast: Foxfire           |    46 |    50 |    38 ||   134
       Scorch            |    12 |    40 |    65 ||   117
 Abil: Evoke Blink       |       |       |     1 ||     1
  Use: Scroll            |     2 |     6 |     7 ||    15
       Potion            |     1 |       |     1 ||     2
Armor: Robe              |     6 |    10 |     6 ||    22
       Acid dragon scale |       |       |     4 ||     4
Dodge: Dodged            |    12 |    21 |    25 ||    58
Block: Other             |     3 |     9 |     9 ||    21
       Reflection        |       |     1 |       ||     1

Table legend: (Time is in decaauts)
 A = Elapsed time spent in this place.
 B = Non-inter-level travel time spent in this place.
 C = Inter-level travel time spent in this place.
 D = Time resting spent in this place.
 E = Time spent auto-exploring this place.
 F = Levels seen in this place.
 G = Mean time per level.
                   A        B        C        D        E       F      G
               +--------+--------+--------+--------+--------+-----+--------+
         Total |   6317 |   6203 |    114 |   1416 |   3915 |   6 | 1052.8 |
       Dungeon |   6317 |   6203 |    114 |   1416 |   3915 |   6 | 1052.8 |
               +--------+--------+--------+--------+--------+-----+--------+

Top non-repeatable levels by time:
     D:4: 1548 daAuts
     D:5: 1124 daAuts
     D:1: 1010 daAuts
     D:3: 974 daAuts
     D:6: 898 daAuts
     D:2: 761 daAuts
